 Dungeon Crawl Stone Soup version 0.25-a0-578-gc91f01c39c (webtiles) character file.

Game seed: 710955956056086795, levelgen mode: deterministic

79 Flugslaktarn the Shield-Bearer (level 4, -1/40 HPs)
             Began as a Minotaur Fighter on Mar 3, 2020.
             Succumbed to a scorpion's poison
             ... on level 4 of the Dungeon.
             The game lasted 00:00:15 (375 turns).

Flugslaktarn the Shield-Bearer (Minotaur Fighter)    Turns: 375, Time: 00:00:15

Health: -1/40      AC:  7    Str: 21    XL:     4   Next: 17%
Magic:  3/3        EV:  7    Int:  5    God:
Gold:   0          SH:  9    Dex: 10    Spells: 3/3 levels left

rFire    . . .     SeeInvis .   a - +0 war axe
rCold    . . .     Gourm    .   c - +0 kite shield
rNeg     . . .     Faith    .   b - +0 scale mail
rPois    .         Spirit   .   (helmet restricted)
rElec    .         Reflect  .   (no cloak)
rCorr    .         Harm     .   (no gloves)
MR       .....                  (no boots)
Stlth    ..........             (no amulet)
HPRegen  0.13/turn              (no ring)
MPRegen  0.08/turn              (no ring)

@: lethally poisoned (-1 -> -20)
A: retaliatory headbutt, horns 2
a: no special abilities


You were on level 4 of the Dungeon.
You were not hungry.

You visited 1 branch of the dungeon, and saw 4 of its levels.

Inventory:

Hand Weapons
 a - a +0 war axe (weapon)
Armour
 b - a +0 scale mail (worn)
 c - a +0 kite shield (worn)
Scrolls
 f - 2 scrolls of identify {unknown}
Potions
 d - a potion of might
 g - a potion of invisibility {unknown}
Comestibles
 e - a ration
 h - 2 chunks of flesh


   Skills:
 + Level 4.2 Fighting
 * Level 3.9 Axes
 + Level 4.2 Armour
 + Level 4.2 Shields


You had 3 spell levels left.
You didn't know any spells.
Your spell library was empty.

Dungeon Overview and Level Annotations

Branches:
Dungeon (4/15)
 Temple: D:4-7

Altars:


Innate Abilities, Weirdness & Mutations

You reflexively headbutt those who attack you in melee.
You have a pair of horns on your head.


Message History

The scorpion is severely wounded.
* * * LOW HITPOINT WARNING * * *
You feel sick. The scorpion barely misses you.
The scorpion stings you but does no damage.
Your shield and scale mail prevent you from hitting the scorpion.
The scorpion is severely wounded.
* * * LOW HITPOINT WARNING * * *
You feel sick. The scorpion stings you.
* * * LOW HITPOINT WARNING * * *
You are more poisoned.
The scorpion poisons you!
You barely miss the scorpion. You headbutt the scorpion.
You kill the scorpion!
You have reached level 4!
You feel agile.
* * * LOW HITPOINT WARNING * * *
You feel sick.
* * * LOW HITPOINT WARNING * * *
You feel sick.
You die...

...............#....
##.#.#.######.#####
#.#.#.######.#
#.#.#.....##.#
#.#.#####.##.# #.#.#
##.##.#
#.#.####...#.#
#.#..........#
#@.#####...### ##.#
##.## #.# #.# #.#.#
#.# #.# #.# #.# #.#
#.. .# ## #># .# #


There were no monsters in sight!

Vanquished Creatures
  A scorpion (D:4)
  An adder (D:4)
  2 worms (D:2)
  A leopard gecko (D:3)
  5 orcs (D:3)
  A hobgoblin (D:1)
  A rat (D:1)
12 creatures vanquished.

Notes
Turn   | Place    | Note
-------+----------+-------------------------------------------
     0 | D:1      | Flugslaktarn the Minotaur Fighter began the quest for the
                  | Orb.
     0 | D:1      | Reached XP level 1. HP: 19/19 MP: 0/0
    82 | D:2      | Reached XP level 2. HP: 14/27 MP: 1/1
   291 | D:4      | Reached XP level 3. HP: 29/33 MP: 2/2
   360 | D:4      | Noticed a scorpion
   373 | D:4      | Killed a scorpion
   373 | D:4      | Reached XP level 4. HP: 5/40 MP: 3/3
   374 | D:4      | HP: 1/40 [poisoned by a scorpion]
   375 | D:4      | Succumbed to a scorpion's poison

Levels and vault maps discovered:
D:1:      dpeg_arrival_tiny_j, layout_basic
D:2:      layout_basic, nicolae_ru_great_annihilating_truth, uniq_natasha,
          uniq_crazy_yiuf_cottage
D:3:      layout_loops_cross, xom_redecorated
D:4:      layout_loops_ring, grunt_temple_overflow_open, cheibriados_altar_1,
          first_ration

Skill      XL: |  1  2 |
---------------+-------+-----
Axes           | 3 |  3.9
Fighting       | 4 |  4.2
Armour         | 4 |  4.2
Shields        | 4 |  4.2

Action                   |  1- 3 |  4- 6 || total
-------------------------+-------+-------++-------
Melee: War axe           |    40 |       ||    40
       Headbutt          |     5 |       ||     5
Armor: Scale mail        |     7 |       ||     7
Dodge: Dodged            |    10 |       ||    10
Block: Kite shield       |    19 |       ||    19

Table legend:
 A = Non-vault XP
 B = Vault XP
 C = Vault XP percentage of total XP
 D = Non-vault monster count
 E = Vault monster count
 F = Vault count percentage of total count
                 A         B        C        D         E       F
            +---------+---------+-------+---------+---------+-------
      Total |     114 |       0 |   0.0 |      12 |       0 |   0.0
            +---------+---------+-------+---------+---------+-------
        D:1 |       3 |       0 |   0.0 |       2 |       0 |   0.0
        D:2 |      10 |       0 |   0.0 |       2 |       0 |   0.0
        D:3 |      18 |       0 |   0.0 |       6 |       0 |   0.0
        D:4 |      83 |       0 |   0.0 |       2 |       0 |   0.0
            +---------+---------+-------+---------+---------+-------
